 Dungeon Crawl Stone Soup version 0.29-a0-337-g68df138881 (webtiles) character file.

Game seed: 16888848757209593672

772 Jortsu the Shield-Bearer (level 7, -3/44 HPs)
             Began as a Gargoyle Fighter on Apr 17, 2022.
             Killed by divine providence
             ... invoked by an orc priest
              (8 damage)
             ... on level 5 of the Dungeon.
             The game lasted 00:07:54 (5356 turns).

Jortsu the Shield-Bearer (Gargoyle Fighter)         Turns: 5356, Time: 00:07:54

Health: -3/44      AC: 17    Str: 21    XL:     7   Next: 83%
Magic:  7/7        EV:  3    Int:  9    God:
Gold:   256        SH: 14    Dex: 15    Spells: 6/6 levels left

rFire   . . .      SeeInvis .   a - +1 flail (drain)
rCold   . . .      Faith    .   n - +0 tower shield
rNeg    + . .      Spirit   .   q - +0 plate armour
rPois   ∞          Reflect  .   (no helmet)
rElec   +          Harm     .   (no cloak)
rCorr   .          Rampage  .   (no gloves)
Will    .....                   (no boots)
Stlth   ..........              (no amulet)
HPRegen 0.14/turn               h - +6 ring of dexterity
MPRegen 0.10/turn               (no ring)

@: mighty
A: sickness immunity, AC +4, negative energy resistance 1, electricity
resistance, torment resistance 1, petrification resistance
a: no special abilities


You were on level 5 of the Dungeon.
You visited 1 branch of the dungeon, and saw 5 of its levels.

You collected 256 gold pieces.

Inventory:

Hand Weapons
 a - a +1 flail of draining (weapon)
Armour
 n - a +0 tower shield (worn)
 q - a +0 plate armour (worn)
Jewellery
 h - a +6 ring of dexterity (left hand)
Wands
 p - a wand of polymorph (10)
Scrolls
 f - a scroll of summoning
 i - a scroll of teleportation
 k - a scroll of magic mapping
 r - 3 scrolls of torment {unknown}
 s - 4 scrolls of identify
Potions
 b - a potion of resistance {unknown}
 c - a potion of curing {unknown}
 e - a potion of cancellation {unknown}
 g - a potion of brilliance
 j - 2 potions of mutation {unknown}
 l - a potion of invisibility
 m - a potion of berserk rage {unknown}
 o - a potion of attraction {unknown}


   Skills:
 + Level 4.8 Fighting
 + Level 5.0 Maces & Flails
 + Level 5.3 Armour
 + Level 1.1 Dodging
 + Level 0.4 Stealth
 + Level 5.8 Shields


You had 6 spell levels left.
You didn't know any spells.
Your spell library contained the following spells:

 Spells                   Type           Power      Damage    Failure   Level
 Animate Skeleton         Necr           0%         N/A       100%        1
 Apportation              Tloc           0%         N/A       100%        1
 Pain                     Necr           0%         1d4       100%        1
 Summon Small Mammal      Summ           0%         N/A       100%        1
 Call Canine Familiar     Summ           0%         N/A       100%        3
 Portal Projectile        Hex/Tloc       0%         N/A       100%        3
 Leda's Liquefaction      Hex/Erth       0%         N/A       100%        4
 Agony                    Necr           0%         N/A       100%        5
 Excruciating Wounds      Necr           0%         N/A       100%        5
 Freezing Cloud           Conj/Ice/Air   0%         6-21      100%        5
 Summon Forest            Summ/Tloc      0%         N/A       100%        5
 Summon Mana Viper        Hex/Summ       0%         N/A       100%        5
 Simulacrum               Ice/Necr       0%         N/A       100%        6
 Summon Cactus Giant      Summ           0%         N/A       100%        6
 Polar Vortex             Ice            0%         N/A       100%        9


Dungeon Overview and Level Annotations

Branches:
Dungeon (5/15)             Temple (0/1) D:5

Altars:
Nemelex Xobeh
Ru
Xom
Zin
The Shining One

Shops:
D:4 ((*

Annotations:
D:5 Eustachio


Innate Abilities, Weirdness & Mutations

You are immune to sickness and miasma.
Your stone body is resilient. (AC +4)
You are immune to poison.
You resist negative energy. (rN+)
You are resistant to electric shocks. (rElec)
You are resistant to unholy torment.
You are immune to petrification.


Message History

The orc hits you but does no damage.
The orc moves out of view.
You hit the orc. You drain the orc.
You kill the orc!
Things that are here:
a +0 club; a +0 leather armour An orc wizard comes into view.
It is wielding a +0 dagger.
The orc wizard shouts!
You hear a shout! x2
The orc wizard gestures at you while chanting.
The puff of flame hits you!
An orc priest comes into view. It is wielding a +0 club.
An orc comes into view. It is wielding a +0 flail.
Eustachio the Magnificent comes into view.
He is wielding a +6 rapier.
Eustachio shouts!
The orc shouts!
Eustachio gestures wildly while chanting.
Eustachio blinks!
You hit the orc.
The orc is severely wounded.
You feel very mighty all of a sudden. You block the orc wizard's attack.
The orc barely misses you. You block the orc's attack.
You bludgeon the orc wizard!!
You kill the orc wizard!
The orc priest miscasts a cantrip.
You block the orc's attack. x2
You hit Eustachio. You drain Eustachio.
Eustachio is moderately wounded.
Eustachio screams, "At last I'll have my revenge!"
Eustachio hits you but does no damage.
The orc priest calls down the wrath of Beogh upon you.
Beogh smites you! The orc hits you with a +0 hand axe.
* * * LOW HITPOINT WARNING * * *
The orc hits you but does no damage. x2; The orc hits you with a +0 flail!
* * * LOW HITPOINT WARNING * * *
Eustachio barely misses you.
You sock Eustachio!
Eustachio is heavily wounded.
You block Eustachio's attack.
The orc priest invokes the aid of Beogh against you.
Beogh smites you!
You die...

#.....####.......#..
......###.......#..
#...............
##...............
#...#####.#####..
###..# #.# #..
#.).## #.# #..
###...# #.# #..
#.o@.## ### #..
#..o@## ⌠.⌠####..
##..o. .>.#.....
###... #⌠.⌠####..
#...# ## #.. .....
#.# #....# ###
##...#


You could see Eustachio (drained), an orc priest and 2 orcs.

Vanquished Creatures
  2 phantoms
  A necrophage (D:4)
  2 scorpions (D:5)
  A howler monkey (D:5)
  An orc priest (D:4)
  2 hounds
  A jelly (D:5)
  3 iguanas
  An orc wizard (D:5)
  4 adders
  2 white imps (D:5)
  3 ufetubi
  A worm (D:2)
  4 dart slugs
  19 orcs
  8 bats
  6 endoplasms
  2 giant cockroaches (D:1)
  6 goblins
  8 hobgoblins
  10 jackals
  6 quokkas
  10 ball pythons
  A frilled lizard (D:3)
  7 kobolds
  3 rats
114 creatures vanquished.

Vanquished Creatures (others)
  A plant (D:2)
1 creature vanquished.

Grand Total: 115 creatures vanquished

Notes
Turn   | Place    | Note
-------+----------+-------------------------------------------
     0 | D:1      | Jortsu the Gargoyle Fighter began the quest for the Orb.
     0 | D:1      | Reached XP level 1. HP: 14/14 MP: 1/1
   240 | D:1      | Reached XP level 2. HP: 11/19 MP: 2/2
   661 | D:1      | Reached XP level 3. HP: 22/24 MP: 3/3
  1947 | D:2      | Reached XP level 4. HP: 29/29 MP: 4/4
  2648 | D:3      | Found a shimmering altar of Xom.
  2775 | D:3      | Found a sacrificial altar of Ru.
  3075 | D:3      | Found a sparkling altar of Nemelex Xobeh.
  3238 | D:3      | Found a glowing silver altar of Zin.
  3239 | D:3      | Found a glowing golden altar of the Shining One.
  3408 | D:4      | Noticed a necrophage
  3416 | D:4      | Killed a necrophage
  3417 | D:4      | Reached skill level 1 in Dodging
  3417 | D:4      | Reached XP level 5. HP: 33/33 MP: 5/5
  3511 | D:4      | Noticed a phantom
  3534 | D:4      | Killed a phantom
  3535 | D:4      | Reached XP level 6. HP: 26/38 MP: 6/6
  3677 | D:4      | Found Unithi's Antique Weapon Shop.
  3742 | D:4      | Found Umee's Weapon Shop.
  3827 | D:4      | Found Wunimm's General Store.
  4787 | D:5      | Entered Level 5 of the Dungeon
  4938 | D:5      | Reached XP level 7. HP: 40/44 MP: 7/7
  4941 | D:5      | Reached skill level 5 in Shields
  5033 | D:5      | Reached skill level 5 in Armour
  5268 | D:5      | Reached skill level 5 in Maces & Flails
  5325 | D:5      | Found a staircase to the Ecumenical Temple.
  5351 | D:5      | Noticed Eustachio
  5356 | D:5      | Killed from afar by an orc priest

Illustrated notes

Levels and vault maps discovered:
D:1:      roderic_crossed_star, layout_loops_ring
D:2:      layout_loops_corners, serial_forest, infiniplex_forest_clump_tiny,
          infiniplex_forest_straight_2, infiniplex_forest_lined_corner,
          infiniplex_forest_zigzag_2, infiniplex_forest_clump_long,
          infiniplex_forest_end_3, infiniplex_forest_clump_diagonal,
          infiniplex_forest_lined_room_3, infiniplex_forest_straight_4,
          lemuel_flame_loot_1
D:3:      layout_basic, nicolae_ru_awakened_eye,
          mainiacjoe_overflow_divided_tiny, nemelex_altar_shiori,
          mainiacjoe_overflow_24_doors
D:4:      layout_loops_ring, serial_shops, nicolae_inconvenience_store,
          nicolae_shop_trees, nicolae_shop_trees
D:5:      layout_cave_pools, temple_doors_e, uniq_eustachio

Skill      XL: |  1  2  3  4  5  6  7 |
---------------+----------------------+-----
Maces & Flails | 3 4 5 |  5.0
Fighting       | 4 |  4.8
Armour         | 4 5 |  5.3
Dodging        | 1 |  1.1
Shields        | 4 5 |  5.8
Stealth        | |  0.4

Action                   |  1- 3 |  4- 6 |  7- 9 || total
-------------------------+-------+-------+-------++-------
Melee: Flail             |   101 |   200 |    65 ||   366
  Use: Scroll            |     7 |     4 |       ||    11
       Potion            |       |       |     1 ||     1
Armor: Scale mail        |    70 |    94 |       ||   164
       Plate armour      |       |    53 |    40 ||    93
Dodge: Dodged            |    50 |    71 |    10 ||   131
Block: Buckler           |    27 |    28 |       ||    55
       Tower shield      |       |   147 |    58 ||   205

Table legend: (Time is in decaauts)
 A = Elapsed time spent in this place.
 B = Non-inter-level travel time spent in this place.
 C = Inter-level travel time spent in this place.
 D = Time resting spent in this place.
 E = Time spent auto-exploring this place.
 F = Levels seen in this place.
 G = Mean time per level.
                   A        B        C        D        E       F      G
               +--------+--------+--------+--------+--------+-----+--------+
         Total |   5520 |   5326 |    194 |    449 |   3668 |   5 | 1104.0 |
       Dungeon |   5520 |   5326 |    194 |    449 |   3668 |   5 | 1104.0 |
               +--------+--------+--------+--------+--------+-----+--------+

Top non-repeatable levels by time:
     D:4: 1617 daAuts
     D:1: 1406 daAuts
     D:2: 1254 daAuts
     D:3: 706 daAuts
     D:5: 535 daAuts
